Map: Prion Terraces

Players

LilDicky

  • Race: Terran Terran
  • League: Diamond

TorA - Winner!

  • Race: Protoss Protoss
  • League: Platinum

VOD

http://www.twitch.tv/tumescentpie

Description

Time

  • Played on: Dec. 3, 2015, 6:17 p.m.
  • Length: 5:10
Show
View Real Time Build Order
Export as new Build Order

LilDicky Terran 

Build Orders:  

Get SALT Encoding   

  12  0:01  SCV  
  13  0:13  SCV  
  14  0:18  Supply Depot  
  15  0:28  SCV  
  15  0:34  Refinery  
  15  0:43  SCV  
  15  0:46  Barracks  
  16  0:56  SCV  
  17  1:08  SCV  
  18  1:20  SCV  
  20  1:33  Marine  
  20  1:35  Supply Depot  
  20  1:37  Orbital Command  
  20  1:39  Factory  
  20  1:54  Marine  
  20  2:00  Barracks  
  21  2:04  Barracks  
  21  2:08  SCV  
  22  2:12  Barracks Reactor  
  22  2:28  SCV  
  23  2:36  Refinery, Widow Mine  
  23  2:37  Supply Depot  
  25  2:40  SCV  
  26  2:51  Barracks Tech Lab x2  
  26  2:52  SCV  
  26  2:53  Marine  
  28  3:05  SCV  
  29  3:17  SCV  
  30  3:20  Marine x2  
  30  3:25  Combat Shields, Marine  
  32  3:29  SCV  
  31  3:35  Marauder  
  31  3:38  Marine  
  31  3:41  SCV  
  35  3:42  Supply Depot  
  35  3:44  Marauder  
  39  4:03  Marine x2  
  39  4:04  Marauder  
  39  4:09  Supply Depot  
  43  4:14  Marauder  
  43  4:21  Marine x2  
  45  4:24  Supply Depot  
  45  4:33  Starport, Marine  
  45  4:35  Marine  
  47  4:48  Marine  
  47  4:49  Marine  
  47  4:51  SCV  
Show
View Real Time Build Order
Export as new Build Order

TorA Protoss - Winner!

Build Orders: Mass Adepts 

Get SALT Encoding   

  12  0:01  Probe (Chrono Boost)  
  13  0:12  Probe (Chrono Boost)  
  14  0:17  Pylon  
  14  0:22  Probe (Chrono Boost)  
  15  0:35  Probe (Chrono Boost)  
  16  0:39  Gateway  
  16  0:46  Probe (Chrono Boost)  
  16  0:49  Assimilator  
  17  0:53  Assimilator  
  17  0:56  Probe (Chrono Boost)  
  18  1:02  Pylon  
  18  1:07  Probe (Chrono Boost)  
  19  1:17  Probe (Chrono Boost)  
  20  1:26  Cybernetics Core  
  20  1:28  Probe (Chrono Boost)  
  21  1:38  Probe (Chrono Boost)  
  22  1:44  Pylon  
  22  1:49  Probe (Chrono Boost)  
  23  2:04  Warp Gate (Chrono Boost)  
  23  2:05  Mothership Core (Chrono Boost)  
  23  2:07  Adept  
  27  2:30  Gateway  
  27  2:32  Gateway  
  27  2:34  Gateway, Adept  
  29  2:38  Gateway  
  29  3:02  Adept  
  31  3:25  Probe  
  32  3:30  Pylon  
  32  3:43  Pylon  
  32  3:58  Adept x5  
  42  4:04  Pylon  
  42  4:14  Pylon  
  42  4:22  Adept x5  
  52  4:27  Pylon  
  51  4:46  Adept x2  
  51  4:47  Adept x2  
  51  4:49  Adept  
  59  5:09  Adept x3  
Tags
 
Add a new tag
Caveats
  • Supply blocks, unpowered buildings, or Contaminate may cause inaccurate times.
  • Supply counts are checked every 10 seconds.